 Dungeon Crawl Stone Soup version 0.30-a0-860-g512cf1e979 (console) character file.

Game seed: 7935711173046835207

22082 jejorda2 the Impaler (level 12, -2/138 HPs)
             Began as a Merfolk Berserker on Mar 7, 2023.
             Was an Elder of Trog.
             Killed from afar by an acid dragon (30 damage)
             ... with a splash of acid
             ... on level 11 of the Dungeon.
             The game lasted 00:27:29 (10996 turns).

jejorda2 the Impaler (Merfolk Berserker)           Turns: 10996, Time: 00:27:31

Health: -2/138     AC: 16    Str: 21    XL:     12   Next: 96%
Magic:  0/21       EV:  8    Int:  6    God:    Trog [****..]
Gold:   1412       SH:  0    Dex: 15    Spells: 11/11 levels left

rFire   . . .      SeeInvis +    a - +0 glaive
rCold   . . .      Faith    .    (shield currently unavailable)
rNeg    . . .      Spirit   +    G - +0 plate armour
rPois   .          Reflect  .    c - +1 helmet
rElec   .          Rampage  .    (no cloak)
rCorr   .                        D - +0 pair of gloves
Will    .....                    (no boots) Stlth
                                 t - amulet of guardian spirit
HPRegen 0.43/turn                u - ring of magical power
MPRegen 0.17/turn                q - ring of see invisible

@: berserking (expiring), spiked, very quick
A: (nimble swimmer 2), mertail
a: Renounce Religion, Berserk, Trog's Hand, Brothers in Arms


You were on level 11 of the Dungeon.
You worshipped Trog.
Trog was greatly pleased with you.
You visited 1 branch of the dungeon, and saw 11 of its levels.
You also visited: Bailey.

You collected 1412 gold pieces.

Inventory:

Hand Weapons
 a - a +0 glaive (weapon)
 b - a +2 trident of flaming
 F - a +3 halberd
Missiles
 h - 37 stones (quivered)
 p - 4 poisoned darts
 v - 6 javelins
 A - 3 atropa-tipped darts
 E - 2 throwing nets
 H - 23 boomerangs
Armour
 c - a +1 helmet (worn)
 D - a +0 pair of gloves (worn)
 G - a +0 plate armour (worn)
Jewellery
 q - a ring of see invisible (right hand)
 t - an amulet of guardian spirit (around neck)
 u - a ring of magical power (left hand)
 w - a ring of positive energy
Wands
 e - a wand of paralysis (17)
 l - a wand of iceblast (3)
 n - a wand of flame (12)
 x - a wand of acid (19)
 y - a wand of polymorph (6)
Scrolls
 d - 3 scrolls of blinking
 g - 2 scrolls of immolation
 i - 5 scrolls of teleportation
 k - 4 scrolls of enchant weapon
 B - a scroll of magic mapping
Potions
 f - 4 potions of might
 j - 2 potions of heal wounds
 m - 2 potions of resistance {unknown}
 o - 2 potions of curing
 r - 3 potions of cancellation
 s - 6 potions of lignification
 z - 2 potions of haste
 C - 3 potions of attraction
 I - 2 potions of ambrosia
 L - 2 potions of invisibility
 M - a potion of mutation {unknown}


   Skills:
 + Level 7.8 Fighting
 + Level 18.5 Polearms
 * Level 10.9 Throwing
 - Level 6.0 Armour
 - Level 6.0 Dodging


You had 11 spell levels left.
You didn't know any spells.
Your spell library was empty.

Dungeon Overview and Level Annotations

Branches:
Dungeon (11/15)            Temple (0/1) D:6            Lair (0/5) D:8
 Bailey (visited)
    Orc: D:9-12

Altars:
Dithmenos
Elyvilon
Gozag
Okawaru
Sif Muna
Trog
Uskayaw
Vehumet
The Shining One


Innate Abilities, Weirdness & Mutations

((You are very nimble when in or above water. (Stealth+, EV+, Speed+++)))
Your lower body shifts to a powerful aquatic tail in water.


Message History

The manticore flicks its tail.
The volley of spikes hits you!
The barbed spikes become lodged in your body.
You slash the two-headed ogre!
The two-headed ogre is moderately wounded.
You slash the two-headed ogre!
The two-headed ogre is heavily wounded.
The two-headed ogre hits you with a +0 giant spiked club!!
The two-headed ogre misses you.
You are too injured to fight recklessly!
You are too injured to fight recklessly!
You are too injured to fight recklessly!
You are too injured to fight recklessly!
You hit the two-headed ogre.
The two-headed ogre is heavily wounded.
You completely miss the two-headed ogre.
The two-headed ogre is heavily wounded.
An acid dragon comes into view.
You barely miss the two-headed ogre.
The two-headed ogre is heavily wounded.
The acid dragon roars!
The two-headed ogre hits you with a +0 giant spiked club!!
The two-headed ogre barely misses you.
You slice the two-headed ogre!!
The two-headed ogre is almost dead.
The manticore bites you!
* * * LOW HITPOINT WARNING * * *
The manticore closely misses you. The manticore claws you.
* * * LOW HITPOINT WARNING * * *
You slash the two-headed ogre!
You kill the two-headed ogre!
Trog accepts your kill.
You hit the manticore but do no damage.
The manticore bites you but does no damage.
The manticore claws you but does no damage.
The manticore claws you.
* * * LOW HITPOINT WARNING * * *
The acid dragon spits acid at you. The splash of acid hits you!!
You die...

#..####...#
#.........#
#........
#.........#
#........
###.........#
#.>......
......###...#
#........
......# #...#
#........
......# #†..#
#......D.
####..#
#...####........
#..#
#.....[.@)......
#..#
#..####..H......
#..# #..#
#)........ #..#
#..# #.?.......
#..# #..#
#......... #..#
#..# #.........
#..# #..
#.....~P.P #..
#....~~~~P
#.PS~~~~~


You could see a manticore and an acid dragon (catching breath).

Vanquished Creatures
  An orc warlord (Bailey)
  Erolcha (D:10)
  7 two-headed ogres
  An obsidian statue (D:9)
  A manticore (D:11)
  A gargoyle (D:11)
  An unseen horror (D:11)
  A troll (D:11)
  Sigmund (D:2)
  3 shadows
  2 wraiths
  11 yaks
  3 wyverns
  5 vampire mosquitoes
  An acid dragon (D:10)
  3 water moccasins
  5 orc warriors
  2 black bears (D:5)
  3 ice beasts
  A centaur (D:8)
  4 bullfrogs
  2 gnoll sergeants
  5 scorpions
  14 wights
  An electric eel (D:11)
  3 howler monkeys
  A quasit (D:4)
  2 hounds
  2 orc priests
  A jelly (D:7)
  Jessica (D:3)
  6 orc wizards
  6 iguanas
  25 gnolls
  7 adders
  3 shadow imps
  4 white imps (D:4)
  7 ufetubi
  3 worms
  2 dart slugs (D:1)
  29 orcs
  9 endoplasms
  4 giant cockroaches
  10 hobgoblins
  4 jackals (D:2)
  13 kobolds
  7 quokkas
  7 ball pythons
  2 bats
  2 frilled lizards (D:1)
  8 goblins
  2 rats
250 creatures vanquished.

Vanquished Creatures (others)
  A troll (D:11)
  32 plants
33 creatures vanquished.

Grand Total: 283 creatures vanquished

Notes
Turn   | Place    | Note
-------+----------+-------------------------------------------
     0 | D:1      | jejorda2 the Merfolk Berserker began the quest for the Orb.
     0 | D:1      | Reached XP level 1. HP: 18/18 MP: 1/1
   198 | D:1      | Reached XP level 2. HP: 24/24 MP: 2/2
   736 | D:1      | Reached skill level 5 in Polearms
   802 | D:1      | Reached XP level 3. HP: 30/30 MP: 3/3
  1245 | D:2      | Reached ** piety under Trog
  1269 | D:2      | Reached XP level 4. HP: 10/37 MP: 4/4
  1802 | D:2      | Reached skill level 6 in Polearms
  1948 | D:2      | Noticed Sigmund
  1959 | D:2      | Killed Sigmund
  1960 | D:2      | Reached skill level 5 in Fighting
  1960 | D:2      | Reached skill level 7 in Polearms
  1960 | D:2      | Reached XP level 5. HP: 36/44 MP: 5/5
  1960 | D:2      | Reached XP level 6. HP: 42/51 MP: 6/6
  2212 | D:3      | Noticed Jessica
  2219 | D:3      | Killed Jessica
  2398 | D:3      | Found a faded altar of an unknown god.
  3058 | D:4      | Reached skill level 8 in Polearms
  3417 | D:4      | Reached XP level 7. HP: 56/56 MP: 7/7
  3511 | D:4      | Reached skill level 9 in Polearms
  3706 | D:4      | Found a shadowy altar of Dithmenos.
  3707 | D:4      | Found a hide-covered altar of Uskayaw.
  3708 | D:4      | Found a bloodstained altar of Trog.
  3710 | D:4      | Found a white marble altar of Elyvilon.
  3711 | D:4      | Found a radiant altar of Vehumet.
  3880 | D:5      | Entered Level 5 of the Dungeon
  3972 | D:5      | Reached *** piety under Trog
  4209 | D:5      | Reached skill level 10 in Polearms
  4209 | D:5      | Reached XP level 8. HP: 61/64 MP: 8/8
  5004 | D:6      | Reached skill level 11 in Polearms
  5111 | D:6      | Found an iron altar of Okawaru.
  5140 | D:6      | Found a shimmering blue altar of Sif Muna.
  5264 | D:6      | Found a staircase to the Ecumenical Temple.
  5602 | D:7      | Reached skill level 12 in Polearms
  5654 | D:7      | Reached XP level 9. HP: 66/69 MP: 9/9
  5969 | D:7      | Reached skill level 13 in Polearms
  6771 | D:8      | Noticed a two-headed ogre
  6775 | D:8      | Killed a two-headed ogre
  6776 | D:8      | Reached skill level 14 in Polearms
  6875 | D:8      | Reached skill level 5 in Armour
  7141 | D:8      | Found a staircase to the Lair.
  7283 | D:8      | Reached XP level 10. HP: 76/76 MP: 10/10
  7459 | D:8      | Reached skill level 15 in Polearms
  7804 | D:9      | Noticed an obsidian statue
  7815 | D:9      | Noticed a rust devil
  7820 | D:9      | Killed an obsidian statue
  7957 | D:9      | Reached skill level 16 in Polearms
  8311 | D:9      | Found a glowing golden altar of the Shining One.
  8561 | D:10     | Entered Level 10 of the Dungeon
  8596 | D:10     | Identified the +8 war axe of the Evil Eye {spect, Dex+8}
  8683 | D:10     | Noticed a two-headed ogre
  8691 | D:10     | Killed a two-headed ogre
  8692 | D:10     | Reached skill level 17 in Polearms
  8692 | D:10     | Reached skill level 5 in Dodging
  8692 | D:10     | Reached XP level 11. HP: 81/81 MP: 11/11
  8744 | D:10     | Found a flagged portal.
  8744 | D:10     | Noticed Erolcha
  8758 | D:10     | Killed Erolcha
  8801 | Bailey   | Entered a bailey
  8847 | Bailey   | Noticed an orc warlord
  9312 | Bailey   | Reached **** piety under Trog
  9352 | Bailey   | Found a runed translucent gate.
  9355 | Bailey   | Found a runed translucent gate.
  9356 | Bailey   | Found a runed translucent gate.
  9496 | Bailey   | Identified a scroll of acquirement
  9496 | Bailey   | Acquired 820 gold pieces
  9601 | Bailey   | Killed an orc warlord
  9673 | Bailey   | Reached XP level 12. HP: 89/89 MP: 12/12
  9911 | D:10     | Noticed a two-headed ogre
  9927 | D:10     | Killed a two-headed ogre
  9928 | D:10     | Reached skill level 18 in Polearms
 10333 | D:11     | Noticed a two-headed ogre
 10345 | D:11     | Killed a two-headed ogre
 10346 | D:11     | Reached skill level 10 in Throwing
 10349 | D:11     | Found a shadowy altar of Dithmenos.
 10443 | D:11     | Noticed a two-headed ogre
 10456 | D:11     | Killed a two-headed ogre
 10615 | D:11     | Found an opulent altar of Gozag.
 10975 | D:11     | Noticed a two-headed ogre
 10979 | D:11     | Noticed a two-headed ogre
 10986 | D:11     | Killed a two-headed ogre
 10995 | D:11     | Killed a two-headed ogre
 10996 | D:11     | Killed from afar by an acid dragon

Illustrated notes

Levels and vault maps discovered:
D:1:      eino_arrival_water_star, layout_loops_corners, serial_forest,
          infiniplex_forest_lined_3, infiniplex_forest_lined_room_,
          infiniplex_forest_straight_5, infiniplex_forest_straight_4,
          infiniplex_forest_3_way, infiniplex_forest_clump_diagonal,
          infiniplex_forest_corner_1, infiniplex_forest_clump_cross
D:2:      layout_basic, uniq_sigmund
D:3:      layout_basic, basic_ecumenical_altar, serial_park_tiny_2,
          chequers_decorated_corner, uniq_jessica
D:4:      cheibrodos_old_hovel, layout_cave_pools, minitemple, serial_demonic,
          serial_demonic_b, serial_demonic_b, serial_demonic_a,
          serial_demonic_d, serial_demonic_a, dk_noncrumbling_3, hex_tiny
D:5:      layout_loops_ring, dk_rats_in_the_wall
D:6:      layout_basic, mainiacjoe_overflow_large_starburst,
          minmay_temple_entry_water_ring
D:7:      layout_loops_ring
D:8:      layout_gridville, dpeg_oklobed_lair
D:9:      layout_irregular_city, marbit_many_paths, minivault_16,
          minmay_misc_feat_hallway
D:10:     minmay_spotlight, layout_rooms, enter_bailey_7, uniq_erolcha
D:11:     layout_long_grid, minmay_orc_entry_temple_small, serial_bayou,
          serial_bayou_lagoon_a, serial_bayou_shore_b, serial_bayou_pond_c,
          serial_bayou_pond_e, serial_bayou_shore_b, hangedman_feature_mirror,
          xom_confusion_cloud

Skill      XL: |  1  2  3  4  5  6  7  8  9 10 11 12 |
---------------+-------------------------------------+-----
Polearms       | 5 7 8 10 12 14 17 18 | 18.5
Fighting       | 4 5 6 7 |  7.8
Armour         | 2 3 5 6 |  6.0
Dodging        | 5 6 |  6.0
Throwing       | 9 10 | 10.9

Action                     |  1- 3 |  4- 6 |  7- 9 | 10-12 || total
---------------------------+-------+-------+-------+-------++-------
  Melee: Spear             |   119 |    51 |       |       ||   170
         Punch             |     2 |     2 |       |       ||     4
         Halberd           |       |    93 |   341 |   384 ||   818
         Tailslap          |       |       |       |     3 ||     3
         Glaive            |       |       |       |    16 ||    16
  Throw: Stone             |       |       |    11 |    33 ||    44
         Dart              |       |       |       |     1 ||     1
 Invoke: Berserk           |     1 |     2 |     6 |    11 ||    20
         Trog's Hand       |       |     2 |     2 |     5 ||     9
         Brothers in Arms  |       |       |       |     1 ||     1
    Use: Potion            |       |     3 |       |     3 ||     6
         Scroll            |       |       |    19 |     6 ||    25
   Stab: Sleeping          |     2 |       |       |       ||     2
         Invisible         |       |     1 |       |     1 ||     2
 Armour: Chain mail        |    26 |    67 |    70 |       ||   163
         Plate armour      |       |       |    85 |   106 ||   191
  Dodge: Dodged            |    25 |    46 |   108 |    74 ||   253

Table legend: (Time is in decaauts)
 A = Elapsed time spent in this place.
 B = Non-inter-level travel time spent in this place.
 C = Inter-level travel time spent in this place.
 D = Time resting spent in this place.
 E = Time spent auto-exploring this place.
 F = Levels seen in this place.
 G = Mean time per level.
                   A        B        C        D        E       F      G
               +--------+--------+--------+--------+--------+-----+--------+
         Total |  10950 |  10450 |    500 |   1564 |   6835 |  12 |  912.5 |
       Dungeon |  10117 |   9617 |    500 |   1130 |   6716 |  11 |  919.7 |
        Bailey |    833 |    833 |      0 |    434 |    119 |   1 |  833.0 |
               +--------+--------+--------+--------+--------+-----+--------+

Top non-repeatable levels by time:
     D:2: 1099 daAuts
     D:1: 1064 daAuts
     D:9: 989 daAuts
     D:6: 968 daAuts
     D:7: 953 daAuts
     D:3: 931 daAuts
    D:10: 881 daAuts
     D:8: 868 daAuts
     D:4: 863 daAuts
     D:5: 844 daAuts
  Bailey: 833 daAuts
    D:11: 651 daAuts
